 Dungeon Crawl Stone Soup version 0.20.1-1-g8b1a95d (webtiles) character file.

191 Peloso the Skirmisher (level 5, -1/41 HPs)
             Began as a Demonspawn Fighter on Aug 19, 2017.
             Slain by a centaur (7 damage)
             ... on level 3 of the Dungeon.
             The game lasted 00:10:43 (3749 turns).

Peloso the Skirmisher (Demonspawn Fighter)          Turns: 3749, Time: 00:10:44

Health: -1/41      AC:  7    Str: 17    XL:     5   Next: 41%
Magic:  0/5        EV:  6    Int:  9    God:
Gold:   121        SH:  8    Dex: 17    Spells: 4/4 levels left

rFire    . . .     SeeInvis .   a - +0 long sword
rCold    . . .     Gourm    .   c - +0 shield
rNeg     . . .     Faith    .   b - +0 scale mail
rPois    .         Spirit   +   v - +0 helmet
rElec    .         Reflect  .   (no cloak)
rCorr    +         Harm     .   (no gloves)
MR       .....                  (no boots)
Stlth    +.........             (no amulet)
Regen    0.2/turn               k - ring of resist corrosion
MPRegen  0.1/turn               (no ring)

@: heavily drained
A: thin skeletal structure 2, magic shield
a: no special abilities


You were on level 3 of the Dungeon.
You were hungry.

You visited 1 branch of the dungeon, and saw 3 of its levels.

You collected 121 gold pieces.

Inventory:

Hand Weapons
 a - a +0 long sword (weapon)
Armour
 b - a +0 scale mail (worn)
 c - a +0 shield (worn)
 n - a +0 plate armour
 v - a +0 helmet (worn)
Jewellery
 k - a ring of resist corrosion (left hand)
Scrolls
 d - 2 scrolls of fear {unknown}
 e - 2 scrolls of remove curse {unknown}
 g - a scroll of noise {unknown}
 p - 2 scrolls of fog {unknown}
 s - 2 scrolls of teleportation {unknown}
 t - a scroll of amnesia {unknown}
 w - a scroll of immolation {unknown}
Potions
 h - a potion of resistance
 l - 2 potions of agility
 m - a potion of brilliance {unknown}
 q - 3 potions of heal wounds
 r - a potion of magic {unknown}
Comestibles
 f - 2 bread rations
 i - a fruit
 j - a meat ration


   Skills:
 + Level 3.6(1.8) Fighting
 + Level 3.2(1.5) Long Blades
 + Level 3.3(1.6) Armour
 + Level 1.1(0.0) Dodging
 + Level 0.2(0.0) Stealth
 + Level 3.6(1.9) Shields


You had 4 spell levels left.
You didn't know any spells.

Dungeon Overview and Level Annotations

Branches:
Dungeon (3/15)

Altars:
Cheibriados
Yredelemnul
The Shining One


Innate Abilities, Weirdness & Mutations

You have a moderately thin skeletal structure. (Dex +4, Stealth+)
When hurt, damage is shared between your health and your magic reserves.


Message History

The centaur is lightly wounded.
You block the centaur's attack. The centaur hits you.
You barely miss the centaur.
The centaur is lightly wounded.
The centaur hits you.
The centaur hits you but does no damage.
You hit the centaur but do no damage.
The centaur is lightly wounded.
You block the centaur's attack.
The centaur hits you but does no damage.
You hit the centaur.
The centaur is moderately wounded.
You block the centaur's attack. The centaur hits you. The centaur hits you!
* * * LOW HITPOINT WARNING * * *
You slash the centaur!
The centaur is severely wounded.
The centaur hits you.
* * * LOW HITPOINT WARNING * * *
The centaur hits you!
You die...

##### #.# #.# #.#
#.# #.# .#######.#
......(..## #
#######..(###.#####
#....(@c.....#
##...###.###.#
##.## # #.# #.# #'#
...


You could see a centaur.

Vanquished Creatures
  Terence (D:2)
  Robin (D:3)
  7 gnolls
  4 oozes
  3 worms
  A dart slug (D:2)
  2 giant cockroaches
  14 goblins
  8 hobgoblins
  4 jackals (D:1)
  8 bats
  3 frilled lizards
  4 kobolds
  7 rats
67 creatures vanquished.

Vanquished Creatures (others)
  A goblin (D:2)
1 creature vanquished.

Grand Total: 68 creatures vanquished

Notes
Turn   | Place    | Note
-------+----------+-------------------------------------------
     0 | D:1      | Peloso the Demonspawn Fighter began the quest for the Orb.
     0 | D:1      | Reached XP level 1. HP: 18/18 MP: 1/1
    44 | D:1      | Gained mutation: You have a somewhat thin skeletal structure. (Dex +2, Stealth) [demonic ancestry]
    44 | D:1      | Reached XP level 2. HP: 24/24 MP: 2/2
   759 | D:1      | Gained mutation: You have a moderately thin skeletal structure. (Dex +4, Stealth+) [demonic ancestry]
   759 | D:1      | Reached XP level 3. HP: 27/29 MP: 3/3
  1113 | D:2      | Noticed Terence
  1142 | D:2      | Killed Terence
  1142 | D:2      | Gained mutation: When hurt, damage is shared between your health and your magic reserves. [demonic ancestry]
  1142 | D:2      | Reached XP level 4. HP: 7/35 MP: 4/4
  1507 | D:2      | Found a glowing golden altar of the Shining One.
  1509 | D:2      | Noticed an angel
  1651 | D:2      | Found a basalt altar of Yredelemnul.
  1653 | D:2      | Noticed a profane servitor
  1898 | D:3      | Reached skill level 1 in Dodging
  1944 | D:3      | Noticed Robin
  2184 | D:3      | Killed Robin
  2185 | D:3      | Reached XP level 5. HP: 19/41 MP: 2/5
  2672 | D:3      | Found a snail-covered altar of Cheibriados.
  3738 | D:3      | Noticed a centaur
  3749 | D:3      | Slain by a centaur

Skill      XL: |  1  2  3  4 |
---------------+-------------+-----
Shields        | 3 |  3.6
Long Blades    | 2 3 |  3.2
Armour         | 3 |  3.3
Dodging        | 1 |  1.1
Fighting       | |  3.6
Stealth        | |  0.2

Action                   |  1- 3 |  4- 6 || total
-------------------------+-------+-------++-------
Melee: Long sword        |   118 |   142 ||   260
  Use: Potion            |     1 |       ||     1
       Scroll            |       |     4 ||     4
 Stab: Sleeping          |       |     1 ||     1
  Eat: Chunk             |     1 |     8 ||     9
Armor: Scale mail        |    60 |    82 ||   142
Dodge: Dodged            |    46 |    51 ||    97
Block: Shield            |    70 |    90 ||   160
       Rpst.: Long sword |    12 |    11 ||    23
